 Dungeon Crawl Stone Soup version 0.28.0-43-g3370ac3207 (webtiles) character file.

Game seed: 10809682472612586496

4 tomatow the Skirmisher (level 1, 0/14 HPs)
             Began as a Gargoyle Fighter on Mar 9, 2022.
             Slain by a gnoll
             ... wielding a +0 club
              (2 damage)
             ... on level 1 of the Dungeon.
             The game lasted 00:00:33 (119 turns).

tomatow the Skirmisher (Gargoyle Fighter)            Turns: 119, Time: 00:00:34

Health: 0/14       AC:  9    Str: 19    XL:     1   Next: 60%
Magic:  1/1        EV:  9    Int:  8    God:
Gold:   9          SH:  4    Dex:  9    Spells: 0/0 levels left

rFire   . . .      SeeInvis .   a - +0 flail
rCold   . . .      Faith    .   c - +0 buckler
rNeg    + . .      Spirit   .   b - +0 scale mail
rPois   ∞          Reflect  .   (no helmet)
rElec   +          Harm     .   (no cloak)
rCorr   .          Rampage  .   (no gloves)
Will    .....                   (no boots)
Stlth   ..........              (no amulet)
HPRegen 0.04/turn               (no ring)
MPRegen 0.07/turn               (no ring)

@: no status effects
A: sickness immunity, AC +2, negative energy resistance 1, electricity
resistance, torment resistance 1, petrification resistance
a: no special abilities


You were on level 1 of the Dungeon.
You visited 1 branch of the dungeon, and saw 1 of its levels.

You collected 9 gold pieces.

Inventory:

Hand Weapons
 a - a +0 flail (weapon)
Armour
 b - a +0 scale mail (worn)
 c - a +0 buckler (worn)
Potions
 d - a potion of might


   Skills:
 + Level 3.4 Fighting
 + Level 2.0 Maces & Flails
 + Level 3.4 Armour
 + Level 3.3 Shields


You couldn't memorise any spells.
You didn't know any spells.
Your spell library was empty.

Dungeon Overview and Level Annotations

Branches:
Dungeon (1/15)

Altars:


Innate Abilities, Weirdness & Mutations

You are immune to sickness and miasma.
Your stone body is resilient. (AC +2)
You are immune to poison.
You resist negative energy. (rN+)
You are resistant to electric shocks. (rElec)
You are resistant to unholy torment.
You are immune to petrification.


Message History

A hobgoblin comes into view.
The hobgoblin shouts!
Found a stone staircase leading down.
The hobgoblin hits you but does no damage.
You hit the hobgoblin.
You kill the hobgoblin!
Found 9 gold pieces.
You now have 9 gold pieces.
A rat comes into view.
You hit the rat but do no damage. The rat bites you but does no damage.
You hit the rat.
You kill the rat!
You see here a rat corpse.
A ball python comes into view.
The ball python hisses angrily.
You hit the ball python.
You kill the ball python!
Found a scroll labelled YRENIPRIADA.
e - a scroll labelled YRENIPRIADA
As you read the scroll labelled YRENIPRIADA, it crumbles to dust.
You assume a fearsome visage.
Nothing appears to happen.
It was a scroll of fear.
Found a stone staircase leading down.
A gnoll comes into view. It is wielding a +0 club.
The gnoll shouts!
A quokka comes into view.
The quokka twitches its whiskers.
The gnoll hits you with a +0 club.
You barely miss the quokka. The quokka closely misses you.
The gnoll hits you with a +0 club. The quokka completely misses you.
You closely miss the quokka. The gnoll hits you but does no damage.
The quokka bites you. The gnoll hits you with a +0 club.
* * * LOW HITPOINT WARNING * * *
You sock the quokka!
You kill the quokka!
The gnoll hits you but does no damage. The gnoll hits you with a +0 club.
* * * LOW HITPOINT WARNING * * *
You barely miss the gnoll. The gnoll hits you with a +0 club.
You die...

########.....#...##
...........###...#
.######..### #...#
.#####............ #
....##.#..##.##..# .###
###†##..#.##.##..# .....
..#.............>##.....
.......##.#.............
.....#.##.......@.......
................g.#.....
..#.##.##.........# ...
.#..##.##.......#.# .
..........#####.#.# .
.##.#...#######.#.#....
.##.......#........#
.......##.#.###........
...................#.#.


You could see a gnoll.

Vanquished Creatures
  A hobgoblin (D:1)
  A quokka (D:1)
  A ball python (D:1)
  A rat (D:1)
4 creatures vanquished.

Notes
Turn   | Place    | Note
-------+----------+-------------------------------------------
     0 | D:1      | tomatow the Gargoyle Fighter began the quest for the Orb.
     0 | D:1      | Reached XP level 1. HP: 14/14 MP: 1/1
   119 | D:1      | Slain by a gnoll

Illustrated notes

Levels and vault maps discovered:
D:1:      roderic_dead_forest, layout_basic,
          hellmonk_ecumenical_altar_crossroads,
          hangedman_abyss_or_decor_lesser_grid

Action                   || total
-------------------------++-------
Melee: Flail             ||     8
  Use: Scroll            ||     1
Armor: Scale mail        ||     4
Dodge: Dodged            ||     2
